 Dungeon Crawl Stone Soup version 0.25-a0-166-g16436c4 (webtiles) character file.

Game seed: 12102323536251729762, levelgen mode: deterministic

226 BeowulfAlex the Digger (level 6, -1/32 HPs)
             Began as a Gargoyle Earth Elementalist on Nov 25, 2019.
             Slain by an iguana (10 damage)
             ... on level 4 of the Dungeon.
             The game lasted 00:07:54 (4983 turns).

BeowulfAlex the Digger (GrEE)                       Turns: 4983, Time: 00:07:55

Health: -1/32      AC:  9    Str: 12    XL:     6   Next: 1%
Magic:  15/21      EV: 12    Int: 17    God:
Gold:   118        SH:  0    Dex: 10    Spells: 12/13 levels left

rFire    + . .     SeeInvis .   h - +0 dagger
rCold    + . .     Gourm    .   (no shield)
rNeg     + . .     Faith    .   c - +0 robe
rPois    ∞         Spirit   .   y - +0 helmet
rElec    +         Reflect  .   B - scarf {rC+ rF+}
rCorr    .         Harm     .   w - +1 pair of gloves
MR       .....                  (no boots)
Stlth    +++.......             s - amulet of the acrobat (curse)
HPRegen  0.10/turn              m - ring of magical power
MPRegen  0.17/turn              D - ring of stealth

@: no status effects
A: negative energy resistance 1, electricity resistance, unbreathing,
petrification resistance, rot immunity, AC +4
a: no special abilities


You were on level 4 of the Dungeon.
You were not hungry.

You visited 1 branch of the dungeon, and saw 4 of its levels.

You collected 118 gold pieces.

Inventory:

Hand Weapons
 h - a +0 dagger (weapon)
Missiles
 b - 64 stones (quivered)
 f - 4 boomerangs
 o - 12 poisoned darts
 A - a throwing net
Armour
 c - a +0 robe (worn)
 q - a +0 leather armour of magic resistance
 v - a cursed -1 leather armour
 w - a +1 pair of gloves (worn)
 y - a +0 helmet (worn)
 B - a scarf of resistance (worn)
 C - a cursed +0 ring mail
Jewellery
 m - a ring of magical power (left hand)
 s - a cursed amulet of the acrobat (around neck)
 D - a ring of stealth (right hand)
Scrolls
 e - a scroll of random uselessness {unknown}
 i - 3 scrolls of teleportation {unknown}
 j - 2 scrolls of enchant armour {unknown}
 k - 3 scrolls of fear {unknown}
 l - a scroll of enchant weapon {unknown}
 n - 2 scrolls of remove curse {unknown}
 r - a scroll of magic mapping {unknown}
Potions
 a - 4 potions of curing {unknown}
 g - a potion of resistance {unknown}
 p - 2 potions of heal wounds {unknown}
 t - a potion of agility {unknown}
 u - a potion of berserk rage {unknown}
 x - a potion of mutation {unknown}
Comestibles
 d - 7 rations


   Skills:
 - Level 1.5 Dodging
 - Level 2.1 Stealth
 * Level 4.1 Spellcasting
   Level 0.7 Transmutations
 * Level 6.0 Earth Magic


You had 12 spell levels left.
You knew the following spells:

 Your Spells              Type           Power        Failure   Level  Hunger
a - Sandblast             Erth           ###...       1%          1    None

Your spell library contained the following spells:

 Spells                   Type           Power        Failure   Level  Hunger
 Passwall                 Tmut/Erth      ###.....     6%          2    ##.....
 Stone Arrow              Conj/Erth      ##....       13%         3    ###....
 Lee's Rapid Deconstruct  Erth           ###.......   34%         5    ######.
 Petrify                  Tmut/Erth      ###.....     36%         4    ####...


Dungeon Overview and Level Annotations

Branches:
Dungeon (4/15)
 Temple: D:4-7

Altars:


Innate Abilities, Weirdness & Mutations

You are resistant to torment.
Your stone body is resilient. (AC +4)
You are immune to poison.
You resist negative energy. (rN+)
You are resistant to electric shocks. (rElec)
You can survive without breathing.
You are immune to petrification.
You are immune to rotting.


Message History

Casting: Sandblast (safe; 1% risk of failure)
Confirm with . or Enter, or press ? or * to list all spells.
Aiming: Sandblast (safe; 1% risk of failure)
Press: ? - help, Shift-Dir - straight line, f/p - iguana
Aim: an iguana (lightly wounded)
The blast of sand hits the iguana but does no damage.
The iguana is lightly wounded.
b - 65 stones The iguana bites you.
* * * LOW HITPOINT WARNING * * *
Casting: Sandblast (safe; 1% risk of failure)
Confirm with . or Enter, or press ? or * to list all spells.
Aiming: Sandblast (safe; 1% risk of failure)
Press: ? - help, Shift-Dir - straight line, f/p - iguana
Aim: an iguana (lightly wounded)
The blast of sand hits the iguana!
The iguana is severely wounded.
b - 64 stones The iguana bites you!
You die...

..................>
#######..........#.
##.####.##.# #..#
... # #..## .###
#...##.# #......#
###..#.# ##@# # #l#
#.. ##.. ..# #(# >#
##


You could see an iguana.

Vanquished Creatures
  A worker ant (D:4)
  3 adders
  6 gnolls (D:3)
  An ooze (D:2)
  2 worms (D:2)
  2 dart slugs
  6 leopard geckos
  9 orcs
  2 giant cockroaches (D:1)
  9 goblins
  13 hobgoblins
  2 jackals (D:2)
  11 kobolds
  2 quokkas
  8 bats
  8 frilled lizards
  6 rats
91 creatures vanquished.

Notes
Turn   | Place    | Note
-------+----------+-------------------------------------------
     0 | D:1      | BeowulfAlex the Gargoyle Earth Elementalist began the quest
                  | for the Orb.
     0 | D:1      | Reached XP level 1. HP: 10/10 MP: 3/3
   483 | D:1      | Reached XP level 2. HP: 6/15 MP: 1/5
   726 | D:1      | Reached skill level 4 in Earth Magic
  1042 | D:1      | Reached XP level 3. HP: 14/19 MP: 5/7
  2244 | D:2      | Reached XP level 4. HP: 20/24 MP: 5/8
  2747 | D:2      | Reached skill level 5 in Earth Magic
  3937 | D:3      | Reached XP level 5. HP: 23/28 MP: 10/10
  4980 | D:4      | Reached skill level 6 in Earth Magic
  4980 | D:4      | Reached XP level 6. HP: 12/32 MP: 12/12
  4983 | D:4      | Slain by an iguana

Levels and vault maps discovered:
D:1:      dpeg_arrival_oval, layout_loops_ring
D:2:      layout_loops_ring, corexii_shack, wad_orctagon
D:3:      layout_basic, first_ration
D:4:      layout_basic, gammafunk_ghost_mausoleum,
          nicolae_ru_the_path_less_chosen

Skill      XL: |  1  2  3  4  5 |
---------------+----------------+-----
Earth Magic    | 4 5 6 |  6.0
Spellcasting   | 3 4 |  4.1
Dodging        | |  1.5
Stealth        | |  2.1
Transmutations | |  0.7

Action                   |  1- 3 |  4- 6 || total
-------------------------+-------+-------++-------
Melee: Unarmed           |    75 |       ||    75
       Dagger            |   151 |   276 ||   427
 Cast: Sandblast         |    11 |    43 ||    54
 Stab: Sleeping          |     3 |     3 ||     6
  Eat: Chunk             |     5 |     9 ||    14
Armor: Robe              |    81 |    87 ||   168
Dodge: Dodged            |   160 |   202 ||   362

Table legend:
 A = Non-vault XP
 B = Vault XP
 C = Vault XP percentage of total XP
 D = Non-vault monster count
 E = Vault monster count
 F = Vault count percentage of total count
                 A         B        C        D         E       F
            +---------+---------+-------+---------+---------+-------
      Total |     309 |      14 |   4.3 |      86 |       5 |   5.5
            +---------+---------+-------+---------+---------+-------
        D:1 |      49 |       0 |   0.0 |      26 |       0 |   0.0
        D:2 |      71 |      14 |  16.5 |      26 |       5 |  16.1
        D:3 |     156 |       0 |   0.0 |      32 |       0 |   0.0
        D:4 |      33 |       0 |   0.0 |       2 |       0 |   0.0
            +---------+---------+-------+---------+---------+-------
